[Event "Titled Tuesday Blitz April 05 Early 2022"]
[White "Delorme, Alban"]
[Black "Skliarov, Viktor"]
[WhiteFideId "623636"]
[BlackFideId "14106736"]
[WhiteElo "2197"]
[BlackElo "2229"]
[Result "0-1"]
[Round "01"]
[TimeControl "180+1"]
[Date "2022.04.05"]
[WhiteClock "0:00:01"]
[BlackClock "0:00:06"]

1. e4 c5 2. Nf3 Nc6 3. d4 cxd4 4. Nxd4 Nf6 5. Nc3 e5 6. Ndb5 d6 7. Nd5 Nxd5 8. exd5 Nb8 9. c4 Be7 10. Be2 O-O 11. O-O a6 12. Na3 f5 13. Nc2 Nd7 14. Be3 Bg5 15. a3 a5 16. b4 axb4 17. axb4 Rxa1 18. Qxa1 Bxe3 19. Nxe3 Qb6 20. Qc3 f4 21. Nd1 e4 22. Nb2 f3 23. gxf3 exf3 24. Bxf3 Ne5 25. Bg2 Bg4 26. c5 Qd8 27. f4 Ng6 28. Qg3 Be2 29. Rf2 Bb5 30. Be4 Qf6 31. Bxg6 hxg6 32. Qg5 Qd4 33. cxd6 Qxb4 34. Qe5 Re8 35. Qg5 Re1+ 36. Kg2 Qxd6 37. h4 Qf6 38. Qxf6 gxf6 39. Rd2 Re4 40. Kf3 Re7 41. Nd1 Kf7 42. Nc3 Bd7 43. d6 Re8 44. Nd5 b5 45. Nc7 Rc8 46. Rb2 f5 47. Ke3 Kf6 48. Kd4 Rh8 49. Nxb5 Rxh4 50. Kc5 Rxf4 51. Nc7 Re4 52. Nd5+ Kf7 53. Rb8 Be6 54. Nb6 Re1 55. Rb7+ Kf6 56. d7 Rc1+ 57. Kd6 Rd1+ 58. Kc7 Bxd7 59. Nxd7+ Kg5 60. Rb6 Kh5 61. Nf8 g5 62. Ne6 g4 63. Rb5 Kg6 64. Kc6 g3 65. Nc5 Kg5 66. Rb3 f4 67. Ne4+ Kg4 0-1


[Site "https://www.chess.com"]

[Event "Titled Tuesday Blitz April 05 Early 2022"]
[White "Demchenko, Anton"]
[Black "Nguyen Hong Nhung"]
[WhiteFideId "4160258"]
[BlackFideId "12412201"]
[WhiteElo "2539"]
[BlackElo "1758"]
[Result "1-0"]
[Round "01"]
[TimeControl "180+1"]
[Date "2022.04.05"]
[WhiteClock "0:01:04"]
[BlackClock "0:00:30"]

1. e4 c5 2. Nf3 e6 3. d4 cxd4 4. Nxd4 Nc6 5. Nb5 d6 6. c4 Nf6 7. N1c3 a6 8. Nd4 Qc7 9. Be2 Be7 10. O-O O-O 11. Be3 b6 12. Rc1 Bb7 13. Nd5 Qd8 14. Nxc6 Bxc6 15. Bxb6 Qd7 16. Nxe7+ Qxe7 17. f3 Rab8 18. Bd4 Rfc8 19. Qd2 Nd7 20. Rfd1 Nf8 21. Bf2 Rd8 22. Bg3 e5 23. b3 Rb7 24. Qa5 Ra8 25. c5 dxc5 26. Qxc5 Qxc5+ 27. Rxc5 Bb5 28. Bxb5 axb5 29. Bxe5 f6 30. Bd6 Ne6 31. Rc2 Rd7 32. Rcd2 Kf7 33. Bb4 Rda7 34. Rd7+ Kg6 35. Rxa7 Rxa7 36. Rd2 Rc7 37. Kf2 Rc1 38. Ke3 h5 39. g3 Rf1 40. f4 Re1+ 41. Re2 Rxe2+ 42. Kxe2 Nd4+ 43. Kd3 Nf3 44. a4 bxa4 45. bxa4 Nxh2 46. a5 Nf1 47. Be1 Kf7 48. a6 1-0


[Site "https://www.chess.com"]

[Event "Titled Tuesday Blitz April 05 Early 2022"]
[White "Derraugh, Geordie"]
[Black "Mikhailovsky, Vladimir"]
[WhiteFideId "2603950"]
[BlackFideId "34105414"]
[WhiteElo "2116"]
[BlackElo "2349"]
[Result "0-1"]
[Round "01"]
[TimeControl "180+1"]
[Date "2022.04.05"]
[WhiteClock "0:00:16"]
[BlackClock "0:00:40"]

1. e4 e5 2. Nf3 Nc6 3. d4 exd4 4. Bc4 Nf6 5. e5 d5 6. Bb5 Ne4 7. Nxd4 Bd7 8. Bxc6 bxc6 9. O-O Bc5 10. f3 Ng5 11. f4 Ne4 12. Be3 O-O 13. Nd2 Nxd2 14. Qxd2 Qe7 15. Rae1 Bb6 16. Nb3 Bf5 17. c3 a5 18. Qf2 Bd3 19. Bxb6 cxb6 20. Qxb6 Bxf1 21. Rxf1 a4 22. Nd4 Rfc8 23. Nf5 Qa7 24. Qf2 Rcb8 25. Rb1 Qxf2+ 26. Kxf2 Rb6 27. b4 axb3 28. axb3 Ra3 29. Ke3 g6 30. Nd4 c5 31. Ne2 Rbxb3 32. Rxb3 Rxb3 33. Kd3 Rb2 34. h3 h5 35. g4 h4 36. Ke3 Kf8 37. Kd3 Ke7 38. f5 gxf5 39. gxf5 f6 40. e6 Kd6 41. Ke3 Ke5 42. e7 Rb8 43. Nf4 d4+ 44. cxd4+ cxd4+ 45. Kf3 Kxf5 46. Nd5 Re8 47. Ke2 Ke5 0-1


[Site "https://www.chess.com"]

[Event "Titled Tuesday Blitz April 05 Early 2022"]
[White "Domingo Nunez, Alejandro"]
[Black "Tiarks, Jann-Christian"]
[WhiteFideId "22245561"]
[BlackFideId "12951595"]
[WhiteElo "2215"]
[BlackElo "2176"]
[Result "1-0"]
[Round "01"]
[TimeControl "180+1"]
[Date "2022.04.05"]
[WhiteClock "0:01:32"]
[BlackClock "0:01:23"]

1. Nf3 c5 2. g3 d5 3. Bg2 Nc6 4. O-O e5 5. d3 Nf6 6. Nbd2 Be7 7. e4 O-O 8. Re1 dxe4 9. dxe4 b6 10. c3 Qc7 11. Nc4 Ba6 12. Ne3 Rad8 13. Qa4 Bd3 14. Nd5 Qd6 15. Qxc6 Nxd5 16. Qxd6 Rxd6 17. exd5 1-0


[Site "https://www.chess.com"]

[Event "Titled Tuesday Blitz April 05 Early 2022"]
[White "Dreev, Aleksey"]
[Black "Stromboli, Ettore"]
[WhiteFideId "4100107"]
[BlackFideId "813761"]
[WhiteElo "2625"]
[BlackElo "2414"]
[Result "1-0"]
[Round "01"]
[TimeControl "180+1"]
[Date "2022.04.05"]
[WhiteClock "0:00:21"]
[BlackClock "0:00:01"]

1. d4 Nf6 2. Nf3 b6 3. Bg5 Ne4 4. Bh4 Ba6 5. Nbd2 Nxd2 6. Qxd2 d6 7. e4 Bxf1 8. Rxf1 Nd7 9. O-O-O g6 10. e5 dxe5 11. dxe5 Nc5 12. Qc3 Qc8 13. e6 f6 14. Bxf6 Rg8 15. Bd4 Qxe6 16. Bxc5 bxc5 17. Rfe1 Qxa2 18. Qxc5 Bh6+ 19. Ng5 Qa1+ 20. Kd2 O-O-O+ 21. Ke2 Rxd1 22. Rxd1 Qxb2 23. Qd5 1-0


[Site "https://www.chess.com"]

[Event "Titled Tuesday Blitz April 05 Early 2022"]
[White "Dubov, Daniil"]
[Black "Skatchkov, Valery"]
[WhiteFideId "24126055"]
[BlackFideId "24195812"]
[WhiteElo "2791"]
[BlackElo "2196"]
[Result "1-0"]
[Round "01"]
[TimeControl "180+1"]
[Date "2022.04.05"]
[WhiteClock "0:02:04"]
[BlackClock "0:01:49"]

1. d4 Nf6 2. Nf3 e6 3. c4 d6 4. g3 Nbd7 5. Bg2 g6 6. O-O Bg7 7. Nc3 O-O 8. e4 c5 9. dxc5 Nxc5 10. Qe2 Qe7 11. Rd1 b6 12. e5 dxe5 13. Nxe5 Bb7 14. Be3 Bxg2 15. Kxg2 Nfe4 16. Nxe4 Nxe4 17. Bf4 Qb7 18. Qf3 g5 19. Rd7 Qc8 20. Qxe4 Bxe5 21. Qxe5 Qc6+ 22. Kg1 f6 23. Qc7 1-0


[Site "https://www.chess.com"]

[Event "Titled Tuesday Blitz April 05 Early 2022"]
[White "Dukic, Zachary"]
[Black "Sahil, Tickoo"]
[WhiteFideId "2617188"]
[BlackFideId "5019710"]
[WhiteElo "2086"]
[BlackElo "2099"]
[Result "1-0"]
[Round "01"]
[TimeControl "180+1"]
[Date "2022.04.05"]
[WhiteClock "0:00:06"]
[BlackClock "0:00:17"]

1. e4 c5 2. Nf3 d6 3. d4 cxd4 4. Nxd4 Nf6 5. Nc3 a6 6. Bg5 e6 7. f4 Be7 8. Qf3 Qc7 9. O-O-O Nbd7 10. f5 Ne5 11. Qh3 Qd7 12. Be2 h6 13. Bh4 b5 14. a3 Bb7 15. fxe6 fxe6 16. Qxe6 Qxe6 17. Nxe6 Kf7 18. Nc7 Rac8 19. Bxf6 Rxc7 20. Bxe7 Kxe7 21. Nd5+ Bxd5 22. Rxd5 Rf8 23. Rf1 Rxf1+ 24. Bxf1 Ke6 25. a4 Rf7 26. Rd1 bxa4 27. Bxa6 Rf2 28. Rd2 Rf4 29. Bd3 g5 30. Kb1 g4 31. Ka2 Nxd3 32. cxd3 Ke5 33. Ka3 Kd4 34. Kxa4 Ke3 35. Rd1 Rf2 36. b4 Rxg2 37. b5 Rxh2 38. Rb1 Ra2+ 39. Kb4 Ra8 40. Kc4 g3 41. Kd5 Kxd3 42. Rb3+ Ke2 43. Rxg3 Rb8 44. Kc6 Kf2 45. Rh3 Re8 46. Rxh6 Rxe4 47. Rxd6 Rc4+ 48. Kb7 Rb4 49. b6 Ke3 50. Kc7 Ke4 51. b7 Rc4+ 52. Kb8 Rb4 53. Rd8 Ke5 54. Kc7 Rc4+ 55. Kb6 Rb4+ 56. Ka7 Ra4+ 57. Kb8 Rb4 58. Rd1 Ke6 59. Ra1 Kd7 60. Ka8 Kc7 61. Rc1+ Kd7 62. b8=Q Rxb8+ 63. Kxb8 1-0


[Site "https://www.chess.com"]

[Event "Titled Tuesday Blitz April 05 Early 2022"]
[White "Estrada Nieto, Julian"]
[Black "Kucuksari, Kaan"]
[WhiteFideId "5101018"]
[BlackFideId "6380166"]
[WhiteElo "2252"]
[BlackElo "2305"]
[Result "0-1"]
[Round "01"]
[TimeControl "180+1"]
[Date "2022.04.05"]
[WhiteClock "0:00:06"]
[BlackClock "0:00:16"]

1. e4 c5 2. Nf3 Nc6 3. Bb5 g6 4. Bxc6 bxc6 5. O-O Bg7 6. Re1 e5 7. c3 d6 8. d4 cxd4 9. cxd4 Ne7 10. Nc3 exd4 11. Nxd4 O-O 12. Bg5 Bb7 13. Qd2 Re8 14. Rad1 Qc7 15. Bh6 Be5 16. Nf3 f6 17. Nxe5 dxe5 18. Qd7 Qxd7 19. Rxd7 Bc8 20. Rc7 Be6 21. Rd1 Kf7 22. h4 Rec8 23. Rb7 Rcb8 24. Rxb8 Rxb8 25. b3 c5 26. Be3 Rc8 27. Rd6 c4 28. b4 Rc6 29. Rd8 Rc8 30. Rd6 Rc6 31. Rd2 a6 32. a4 Rc8 33. b5 axb5 34. axb5 Ra8 35. b6 Ra3 36. Nb5 Rb3 37. Nd6+ Kg7 38. b7 Nc6 39. Ra2 c3 40. Ra8 c2 41. Rc8 Ne7 42. b8=Q Nxc8 43. Qxc8 Bxc8 44. Nxc8 Rb1+ 45. Kh2 c1=Q 46. Bxc1 Rxc1 47. Nd6 Kf8 48. Kg3 Rc6 49. Nb5 Rc5 50. Nd6 Rc3+ 51. f3 Ke7 52. Nb7 Rc6 53. Na5 Rc3 54. Nb7 Kd7 55. Na5 Kc7 56. Kg4 Kb6 57. h5 Kxa5 58. hxg6 hxg6 59. g3 Kb6 60. f4 Kc6 61. f5 g5 62. Kh5 Kd6 63. Kg6 Ke7 64. g4 Rc4 65. Kg7 Rxe4 66. Kg6 Rxg4 67. Kg7 Rf4 68. Kg6 e4 69. Kg7 e3 0-1


[Site "https://www.chess.com"]

[Event "Titled Tuesday Blitz April 05 Early 2022"]
[White "Ezat, Mohamed"]
[Black "Prieto Aranguren, Alain"]
[WhiteFideId "10600906"]
[BlackFideId "2268906"]
[WhiteElo "2386"]
[BlackElo "2235"]
[Result "1-0"]
[Round "01"]
[TimeControl "180+1"]
[Date "2022.04.05"]
[WhiteClock "0:00:32"]
[BlackClock "0:00:09"]

1. d4 d5 2. c4 c6 3. Nc3 Nf6 4. e3 e6 5. Nf3 Bd7 6. Bd3 Be7 7. O-O O-O 8. e4 dxe4 9. Nxe4 Nxe4 10. Bxe4 Na6 11. Qe2 Bf6 12. Rd1 Qa5 13. a3 Rfd8 14. b4 Qc7 15. Bc2 Rac8 16. Bg5 Bxg5 17. Nxg5 h6 18. Ne4 b5 19. c5 Be8 20. Nd6 Rb8 21. Qe4 g6 22. Qe3 Kg7 23. h4 Qe7 24. h5 Qg5 25. Qxg5 hxg5 26. hxg6 f6 27. Re1 Bd7 28. Re3 Nc7 29. Bb3 Nd5 30. Bxd5 cxd5 31. Rc1 Kxg6 32. c6 Rbc8 33. Nxc8 Bxc8 34. Rc5 a6 35. g4 Rd6 36. Kg2 Kf7 37. Rh3 Kg7 38. Re3 Kf7 39. f3 Kg7 40. Kg3 Kf7 41. f4 gxf4+ 42. Kxf4 Kg6 43. Rh3 Kg7 44. Rh2 Rd8 45. g5 fxg5+ 46. Kxg5 Rf8 47. Rcc2 Rf3 48. Ra2 Rd3 49. Rhd2 Re3 50. Kf4 Re4+ 51. Kf3 Kf6 52. Ra1 e5 53. dxe5+ Kxe5 54. Rg1 Rh4 55. Rg5+ Bf5 56. c7 Rc4 57. Rg7 Be4+ 58. Kf2 Kd6 59. Ke3 Rxc7 60. Rxc7 Kxc7 61. Kd4 Kb6 62. Rf2 Kc6 63. Rf6+ Kb7 64. Kc5 Ka7 65. Rf7+ Ka8 66. Kb6 1-0


[Site "https://www.chess.com"]

[Event "Titled Tuesday Blitz April 05 Early 2022"]
[White "Fedoseev, Vladimir"]
[Black "Ronka, Erik"]
[WhiteFideId "24130737"]
[BlackFideId "505080"]
[WhiteElo "2726"]
[BlackElo "2264"]
[Result "1-0"]
[Round "01"]
[TimeControl "180+1"]
[Date "2022.04.05"]
[WhiteClock "0:00:50"]
[BlackClock "0:00:04"]

1. e4 c5 2. Nf3 e6 3. d4 cxd4 4. Nxd4 a6 5. Nc3 Qc7 6. Bd3 Nf6 7. O-O Be7 8. Kh1 O-O 9. f4 d6 10. a4 Nbd7 11. Qe2 b6 12. g4 Nc5 13. g5 Nfd7 14. f5 Re8 15. f6 Bf8 16. fxg7 Bxg7 17. Be3 Ne5 18. Rf2 Bb7 19. Raf1 Re7 20. Kg1 Rd8 21. Rf6 Ncxd3 22. cxd3 d5 23. exd5 Ng6 24. dxe6 Qe5 25. exf7+ Kh8 26. Nf5 Bxf6 27. gxf6 Red7 28. Bh6 Rxf7 29. Bg7+ Rxg7 30. fxg7+ Kg8 31. Ne4 Nf4 32. Qg4 1-0


[Site "https://www.chess.com"]

[Event "Titled Tuesday Blitz April 05 Early 2022"]
[White "Fikiet, Alex"]
[Black "Kopylov, Alexander A."]
[WhiteFideId "2052717"]
[BlackFideId "4164857"]
[WhiteElo "2413"]
[BlackElo "2436"]
[Result "1-0"]
[Round "01"]
[TimeControl "180+1"]
[Date "2022.04.05"]
[WhiteClock "0:01:22"]
[BlackClock "0:01:34"]

1. e4 e5 2. Nf3 Nc6 3. Nc3 Nf6 4. a3 a6 5. d4 exd4 6. Nxd4 Be7 7. Be3 O-O 8. Bc4 d6 9. h3 Bd7 10. Ba2 Ne5 11. f4 Ng6 12. Nf3 Be6 13. Bxe6 fxe6 14. Nd4 Qd7 15. f5 exf5 16. exf5 Ne5 17. O-O Rae8 18. Ne6 Rf7 19. Qd4 Qxe6 20. fxe6 1-0


[Site "https://www.chess.com"]

[Event "Titled Tuesday Blitz April 05 Early 2022"]
[White "Gaehwiler, Gabriel"]
[Black "Manelyuk, Daniil"]
[WhiteFideId "1314530"]
[BlackFideId "44173920"]
[WhiteElo "2383"]
[BlackElo "2209"]
[Result "1-0"]
[Round "01"]
[TimeControl "180+1"]
[Date "2022.04.05"]
[WhiteClock "0:00:48"]
[BlackClock "0:00:10"]

1. Nf3 d5 2. c4 dxc4 3. e4 Be6 4. Ng5 Qd4 5. Nc3 Bd7 6. a4 Nf6 7. Nf3 Qc5 8. d4 cxd3 9. Bxd3 Nc6 10. Be3 Qh5 11. Be2 e6 12. O-O Bb4 13. Nb5 Ba5 14. Rc1 O-O 15. Rc5 Qg6 16. Rg5 Qxe4 17. Bd3 Qxa4 18. Qxa4 a6 19. Nbd4 Bb6 20. Nxc6 Bxc6 21. Qh4 Rfd8 22. Rxg7+ Kxg7 23. Bh6+ Kg8 24. Qxf6 Bxf3 25. Qg7# 1-0


[Site "https://www.chess.com"]

[Event "Titled Tuesday Blitz April 05 Early 2022"]
[White "Garv Gaur"]
[Black "Jumabayev, Rinat"]
[WhiteFideId "45030839"]
[BlackFideId "13702661"]
[WhiteElo "1950"]
[BlackElo "2561"]
[Result "0-1"]
[Round "01"]
[TimeControl "180+1"]
[Date "2022.04.05"]
[WhiteClock "0:00:06"]
[BlackClock "0:00:40"]

1. d4 Nf6 2. Nf3 e6 3. c4 Bb4+ 4. Bd2 a5 5. g3 b6 6. Bg2 Ba6 7. Qc2 Bb7 8. Nc3 c5 9. dxc5 Bxc5 10. O-O O-O 11. Rad1 Nc6 12. Bg5 Be7 13. a3 Rc8 14. Qb1 Ba6 15. Nb5 d5 16. Nfd4 Nxd4 17. Rxd4 h6 18. Bf4 Bc5 19. Rd2 Qe7 20. a4 Bb4 21. Rc2 Rxc4 22. Rxc4 dxc4 23. Nc7 e5 24. Bxe5 Qxe5 25. Nxa6 Qxe2 26. Nxb4 axb4 27. Re1 Qg4 28. Qc2 Rc8 29. Bb7 Rc7 30. Rd1 g6 31. Bg2 Kg7 32. Rd6 c3 33. Rxb6 Qd4 34. Rc6 Rxc6 35. Bxc6 cxb2 36. a5 Qc3 37. Qb1 Qc1+ 0-1


[Site "https://www.chess.com"]

[Event "Titled Tuesday Blitz April 05 Early 2022"]
[White "Gatineau, Yovann"]
[Black "Matveeva, Olga"]
[WhiteFideId "26028999"]
[BlackFideId "24107018"]
[WhiteElo "2183"]
[BlackElo "2083"]
[Result "1-0"]
[Round "01"]
[TimeControl "180+1"]
[Date "2022.04.05"]
[WhiteClock "0:00:44"]
[BlackClock "0:01:03"]

1. e4 e6 2. d4 d5 3. Nc3 Nf6 4. Bg5 Bb4 5. Ne2 h6 6. Bxf6 Qxf6 7. a3 Bxc3+ 8. Nxc3 dxe4 9. Nxe4 Qg6 10. Qf3 O-O 11. O-O-O Bd7 12. Qe3 Bc6 13. Bd3 Qh5 14. g4 Qxg4 15. Rhg1 Qh4 16. Rg3 Nd7 17. Rdg1 Kh8 18. Rh3 1-0


[Site "https://www.chess.com"]

[Event "Titled Tuesday Blitz April 05 Early 2022"]
[White "Gatterer, Florian"]
[Black "Piesik, Piotr"]
[WhiteFideId "811688"]
[BlackFideId "1136194"]
[WhiteElo "2218"]
[BlackElo "2190"]
[Result "1/2-1/2"]
[Round "01"]
[TimeControl "180+1"]
[Date "2022.04.05"]
[WhiteClock "0:00:10"]
[BlackClock "0:00:23"]

1. Nf3 g6 2. e4 Bg7 3. d4 c6 4. Nc3 d6 5. h3 Nf6 6. Be3 O-O 7. Qd2 b5 8. Bd3 b4 9. Ne2 a5 10. c3 Ba6 11. O-O Nbd7 12. Bxa6 Rxa6 13. e5 Nd5 14. Bh6 bxc3 15. bxc3 dxe5 16. Bxg7 Kxg7 17. Nxe5 Nxe5 18. dxe5 Nc7 19. Rfd1 Qxd2 20. Rxd2 Rb6 21. Rd7 Ne6 22. Rxe7 Rd8 23. Nd4 Nxd4 24. cxd4 Rxd4 25. e6 Rf4 26. Rxf7+ Rxf7 27. exf7 Kxf7 28. Rc1 Ke6 29. Rc5 a4 30. Ra5 Rb4 31. g4 Kd6 32. Kg2 c5 33. a3 Rd4 34. f3 h5 35. Kf2 hxg4 36. hxg4 g5 37. Ke3 Kc6 38. Ra8 Kb5 39. Rg8 Rd5 40. Ke4 Kc4 41. Ra8 Rd4+ 42. Ke5 Kb3 43. Ra5 Rf4 44. Rxc5 Rxf3 45. Ke6 Kxa3 46. Rxg5 Kb2 47. Ra5 a3 48. g5 a2 49. Rxa2+ Kxa2 50. g6 Rg3 51. Kf7 Rxg6 52. Kxg6 1/2-1/2


[Site "https://www.chess.com"]

[Event "Titled Tuesday Blitz April 05 Early 2022"]
[White "Goryachkina, Aleksandra"]
[Black "Hoffmann, Asa"]
[WhiteFideId "4147103"]
[BlackFideId "2001470"]
[WhiteElo "2426"]
[BlackElo "2117"]
[Result "1-0"]
[Round "01"]
[TimeControl "180+1"]
[Date "2022.04.05"]
[WhiteClock "0:00:18"]
[BlackClock "0:00:41"]

1. e4 d6 2. d4 Nf6 3. Nc3 c6 4. Nf3 Bg4 5. Be3 e6 6. h3 Bh5 7. Be2 d5 8. exd5 cxd5 9. O-O Nc6 10. Ne5 Bxe2 11. Nxe2 Bd6 12. Nd3 O-O 13. c3 Rb8 14. a4 b6 15. Bf4 Ne4 16. f3 Nf6 17. Qd2 Na5 18. Rae1 Qd7 19. Bxd6 Qxd6 20. Qg5 h6 21. Qh4 Qc6 22. g4 Qxa4 23. f4 Ne4 24. g5 hxg5 25. fxg5 Nc4 26. Nef4 Qd7 27. g6 fxg6 28. Nxg6 Rxf1+ 29. Rxf1 Nf6 30. Qh8+ Kf7 31. Nde5+ Nxe5 32. Nxe5+ Ke7 33. Qxg7+ Kd6 34. Nxd7 Nxd7 35. Qg3+ Kc6 36. Rf7 Rb7 37. Re7 a5 38. Rxe6+ Kb5 39. Qd6 Nb8 40. Qxd5+ Ka6 41. Qxb7+ Kxb7 42. h4 Nd7 43. h5 1-0


[Site "https://www.chess.com"]

[Event "Titled Tuesday Blitz April 05 Early 2022"]
[White "Griffith, Kyron"]
[Black "Sovetbekova, Nurai"]
[WhiteFideId "2046318"]
[BlackFideId "13801910"]
[WhiteElo "2232"]
[BlackElo "1538"]
[Result "1-0"]
[Round "01"]
[TimeControl "180+1"]
[Date "2022.04.05"]
[WhiteClock "0:00:09"]
[BlackClock "0:00:05"]

1. e4 c5 2. Nf3 d6 3. d4 cxd4 4. Nxd4 Nf6 5. Nc3 a6 6. Bg5 e6 7. f4 Be7 8. Qf3 Qc7 9. O-O-O Nbd7 10. Bd3 b5 11. Rhe1 h6 12. Bxf6 Nxf6 13. e5 Bb7 14. Qg3 dxe5 15. fxe5 Nh5 16. Qg4 Bg5+ 17. Kb1 Nf4 18. Bxb5+ axb5 19. Ndxb5 Qe7 20. Nd6+ Kf8 21. h4 f5 22. exf6 gxf6 23. hxg5 hxg5 24. g3 Nd5 25. Nxd5 Bxd5 26. c4 Qxd6 27. cxd5 Qa6 28. a3 e5 29. d6 Kf7 30. Qd7+ Kg6 31. Rf1 Rhf8 32. g4 Rad8 33. Qf5+ Kg7 34. Rh1 Rh8 35. Rxh8 Rxh8 36. Qe6 Qe2 37. Rc1 Qd3+ 38. Ka1 Rh2 39. Rc7+ Kg6 40. Qg8+ Kh6 41. Qh8+ Kg6 42. Rg7# 1-0


[Site "https://www.chess.com"]

[Event "Titled Tuesday Blitz April 05 Early 2022"]
[White "Gu, Xiaobing"]
[Black "Adewumi, Tanitoluwa"]
[WhiteFideId "8602611"]
[BlackFideId "30966396"]
[WhiteElo "2174"]
[BlackElo "2593"]
[Result "0-1"]
[Round "01"]
[TimeControl "180+1"]
[Date "2022.04.05"]
[WhiteClock "0:00:04"]
[BlackClock "0:00:05"]

1. e4 c5 2. Nf3 g6 3. d4 cxd4 4. Nxd4 Bg7 5. c4 Nc6 6. Be3 d6 7. Nc3 Nf6 8. Be2 O-O 9. O-O Bd7 10. Qd2 Nxd4 11. Bxd4 Bc6 12. Rad1 a6 13. f4 Qc7 14. Bf3 Rad8 15. Rfe1 e5 16. Be3 exf4 17. Bxf4 Ne8 18. b3 Qb6+ 19. Kh1 Kh8 20. Bg5 Nf6 21. Qf4 Nd7 22. Bxd8 Qxd8 23. Nd5 Ne5 24. Qe3 f5 25. exf5 Rxf5 26. Qb6 Qxb6 27. Nxb6 Nxf3 28. gxf3 Bxf3+ 29. Kg1 Bxd1 30. Rxd1 Rg5+ 31. Kf1 Be5 32. h4 Rg4 33. Nd7 Rxh4 34. Nxe5 dxe5 35. Rd8+ Kg7 36. Rd7+ Kf6 37. Rxb7 Rh2 38. Rb6+ Kf5 39. Rxa6 h5 40. c5 Rc2 41. c6 h4 42. b4 h3 43. Kg1 h2+ 44. Kh1 Kg4 45. b5 e4 46. Ra3 Kf4 47. Rh3 e3 48. c7 e2 0-1


[Site "https://www.chess.com"]

[Event "Titled Tuesday Blitz April 05 Early 2022"]
[White "Hamley, Ryan"]
[Black "Dovbnia, Nikita"]
[WhiteFideId "30959497"]
[BlackFideId "54104599"]
[WhiteElo "2542"]
[BlackElo "2111"]
[Result "1-0"]
[Round "01"]
[TimeControl "180+1"]
[Date "2022.04.05"]
[WhiteClock "0:01:03"]
[BlackClock "0:01:12"]

1. d4 Nf6 2. Nf3 e6 3. Bf4 d5 4. e3 Bd6 5. Bg3 O-O 6. Bd3 c5 7. c3 Nc6 8. Nbd2 Qc7 9. O-O Bxg3 10. hxg3 b6 11. Qe2 Bb7 12. Rac1 Rac8 13. Rfd1 Rfe8 14. e4 dxe4 15. Nxe4 Nxe4 16. Bxe4 Qb8 17. Ng5 h6 18. Nf3 Red8 19. dxc5 bxc5 20. b3 Ne7 21. Ne5 Nd5 22. Nc4 Rc7 23. Bb1 Rcd7 24. Rd3 Nf6 25. Rcd1 Rxd3 26. Rxd3 Rxd3 27. Bxd3 Nd5 28. Qe4 Nf6 29. Qe3 Nd5 30. Qxc5 Nxc3 31. Na5 Nd5 32. Qb5 Nb6 33. Nxb7 Qxb7 34. Qe8# 1-0


[Site "https://www.chess.com"]

[Event "Titled Tuesday Blitz April 05 Early 2022"]
[White "Hansen, Eric"]
[Black "Ianov, Viktor"]
[WhiteFideId "2606771"]
[BlackFideId "14102730"]
[WhiteElo "2568"]
[BlackElo "2161"]
[Result "1-0"]
[Round "01"]
[TimeControl "180+1"]
[Date "2022.04.05"]
[WhiteClock "0:00:32"]
[BlackClock "0:01:40"]

1. e4 d6 2. d4 Nf6 3. Nc3 c6 4. Nf3 Bg4 5. Be2 e6 6. h3 Bh5 7. Nd2 Bg6 8. O-O d5 9. e5 Nfd7 10. Bd3 c5 11. Bxg6 hxg6 12. Nf3 a6 13. Re1 Be7 14. dxc5 Nxc5 15. Be3 Nc6 16. a3 Rc8 17. Qe2 Qc7 18. Bf4 b5 19. Bg3 Qb6 20. b4 Nd7 21. Nxd5 exd5 22. e6 Nf8 23. exf7+ Kxf7 24. Rad1 d4 25. Qe4 Rd8 26. Qxc6 Qxc6 27. Ne5+ Kg8 28. Nxc6 Bf6 29. Nxd8 Bxd8 30. Rxd4 Bf6 31. Rde4 Kf7 32. c4 bxc4 33. Rxc4 Ne6 34. Rc6 Nd4 35. Rc7+ Kg8 36. Rc8+ Kh7 37. Rxh8+ Kxh8 38. Re8+ Kh7 39. Ra8 g5 40. Rxa6 1-0


[Site "https://www.chess.com"]

[Event "Titled Tuesday Blitz April 05 Early 2022"]
[White "Harshavardhan G B"]
[Black "Petrova, Irina"]
[WhiteFideId "25059009"]
[BlackFideId "14124122"]
[WhiteElo "1831"]
[BlackElo "1993"]
[Result "1-0"]
[Round "01"]
[TimeControl "180+1"]
[Date "2022.04.05"]
[WhiteClock "0:00:45"]
[BlackClock "0:00:11"]

1. Nf3 d6 2. g3 e5 3. d3 f5 4. Bg2 Nf6 5. O-O Nc6 6. c4 g6 7. Nc3 Bg7 8. Rb1 O-O 9. b4 h6 10. b5 Ne7 11. a4 g5 12. Ba3 f4 13. Nd2 Qe8 14. e3 Nf5 15. Qe2 Rb8 16. a5 Qg6 17. b6 axb6 18. axb6 c5 19. Nde4 Nxe4 20. Bxe4 g4 21. f3 fxg3 22. fxg4 gxh2+ 23. Kxh2 Qg5 24. gxf5 Qh4+ 25. Kg2 Qg5+ 26. Kh1 Bxf5 27. Bxf5 Rxf5 28. Ne4 Qh4+ 29. Qh2 Rxf1+ 30. Rxf1 Qe7 31. Kg2 Rf8 32. Rxf8+ Qxf8 33. Qh5 Qd8 34. Qg6 Kf8 35. Qxd6+ Qxd6 36. Nxd6 1-0


[Site "https://www.chess.com"]

[Event "Titled Tuesday Blitz April 05 Early 2022"]
[White "Heinemann, Josefine"]
[Black "Sonis, Francesco"]
[WhiteFideId "12900460"]
[BlackFideId "895733"]
[WhiteElo "2451"]
[BlackElo "2790"]
[Result "0-1"]
[Round "01"]
[TimeControl "180+1"]
[Date "2022.04.05"]
[WhiteClock "0:00:18"]
[BlackClock "0:01:05"]

1. Nf3 Nf6 2. g3 g6 3. Bg2 Bg7 4. O-O O-O 5. d4 c5 6. c4 d6 7. Nc3 cxd4 8. Nxd4 Nc6 9. Nxc6 bxc6 10. Bxc6 Rb8 11. Bg2 Qa5 12. Qc2 Bf5 13. e4 Be6 14. b3 Nxe4 15. Bxe4 Qxc3 16. Qxc3 Bxc3 17. Bh6 Rfc8 18. Rac1 Bf6 19. Be3 Rc7 20. f4 a5 21. Kg2 a4 22. Rb1 axb3 23. axb3 Bc8 24. Rfd1 Bb7 25. Bxb7 Rcxb7 26. Rd3 Rc8 27. Kf3 Rxc4 28. bxc4 Rxb1 29. c5 dxc5 30. Bxc5 Kg7 31. Bd4 Bxd4 32. Rxd4 Rb3+ 33. Kg4 Rb2 34. Kh3 h5 35. Rd7 Kf8 36. Rd8+ Kg7 37. Rd7 Kf6 38. Ra7 Re2 39. Rb7 Kg7 40. Rb5 f6 41. Ra5 Kh6 42. Ra6 e5 43. fxe5 fxe5 44. Rb6 Kg5 45. Rc6 Kf5 46. Rc8 g5 47. Rf8+ Kg6 48. g4 Re3+ 49. Kg2 hxg4 50. Kf2 Rf3+ 51. Kg2 Rxf8 0-1


[Site "https://www.chess.com"]

[Event "Titled Tuesday Blitz April 05 Early 2022"]
[White "Hernandez Jimenez, Alexander Andres"]
[Black "Jakubowski, Krzysztof"]
[WhiteFideId "3900452"]
[BlackFideId "1112848"]
[WhiteElo "2098"]
[BlackElo "2365"]
[Result "0-1"]
[Round "01"]
[TimeControl "180+1"]
[Date "2022.04.05"]
[WhiteClock "0:01:48"]
[BlackClock "0:01:21"]

1. e4 e5 2. Nf3 Nc6 3. Bc4 Bc5 4. d3 d6 5. c3 a6 6. a4 Ba7 7. O-O Nf6 8. h3 h6 9. Re1 O-O 10. Nbd2 Ne7 11. Nf1 Ng6 12. Be3 Re8 13. Bxa7 Rxa7 14. Ng3 Ra8 15. d4 c6 16. dxe5 dxe5 17. Qb3 Qc7 18. Rad1 Nf4 19. Nf5 Bxf5 20. exf5 e4 21. Nd4 Re7 22. Ne2 b5 23. axb5 axb5 24. Nxf4 bxc4 25. Qxc4 Qxf4 26. Qxc6 Rae8 27. b4 Qxf5 28. b5 Rc8 29. Qa6 Rb8 30. b6 Qc5 31. Rb1 Reb7 0-1


[Site "https://www.chess.com"]

[Event "Titled Tuesday Blitz April 05 Early 2022"]
[White "Hnydiuk, Aleksander"]
[Black "Le, Tuan Minh"]
[WhiteFideId "1109057"]
[BlackFideId "12401153"]
[WhiteElo "2374"]
[BlackElo "2450"]
[Result "0-1"]
[Round "01"]
[TimeControl "180+1"]
[Date "2022.04.05"]
[WhiteClock "0:00:02"]
[BlackClock "0:00:48"]

1. Nf3 d5 2. d4 Nf6 3. c4 c6 4. cxd5 cxd5 5. Nc3 Nc6 6. Bf4 a6 7. Rc1 Bg4 8. Ne5 Bd7 9. e3 e6 10. Bd3 Be7 11. O-O O-O 12. Bg5 Rc8 13. f4 Ne8 14. Qh5 f5 15. Nxd7 Qxd7 16. g4 g6 17. Qh4 Bxg5 18. Qxg5 Nd6 19. Kh1 Qe7 20. Qxe7 Nxe7 21. h3 Nc4 22. Na4 Rc6 23. Rfe1 Rfc8 24. b3 Nd6 25. Rxc6 Rxc6 26. Nc5 Kf7 27. gxf5 Nexf5 28. a4 a5 29. Nd7 Rc3 30. Ne5+ Ke7 31. Kg1 Rxb3 32. Kf2 Rb4 33. Rc1 Kd8 34. Rc5 Rxa4 0-1


[Site "https://www.chess.com"]